 Dungeon Crawl Stone Soup version 0.32-a0-899-geb5ba95c15 (webtiles) character file.

Game seed: 12803109816797665329

4530 Ajdolov the Thaumaturge (level 10, 0/63 HPs)
             Began as a Mummy Alchemist on Apr 5, 2024.
             Was an Initiate of Gozag.
             Slain by a gnoll sergeant
             ... wielding a +1 trident of freezing
              (10 damage)
             ... on level 9 of the Dungeon.
             The game lasted 00:22:04 (11254 turns).

Ajdolov the Thaumaturge (Mummy Alchemist)          Turns: 11254, Time: 00:22:04

Health: 0/63       AC:  5    Str: 11    XL:     10   Next: 17%
Magic:  22/22      EV: 16    Int: 19    God:    Gozag
Gold:   899        SH:  0    Dex: 13    Spells: 10/25 levels left

rFire   x . .        v - +2 short sword (holy)
rCold   + . .        (no shield)
rNeg    + + +        a - +0 robe
rPois   ∞            (no helmet)
rElec   .            (no cloak)
rCorr   .            j - +2 pair of gloves
SInv    .            (no boots)
Will    +....        (no amulet)
Stlth   ++           f - +5 ring of evasion
HPRegen 0.30/turn    (no ring)
MPRegen 0.18/turn

%: faith
@: slowed, very slow
A: cold resistance 1, negative energy resistance 3, torment resistance 2, heat
vulnerability 1, in touch with death 1, no potions, faith
a: Renounce Religion, Potion Petition, Call Merchant, Bribe Branch


You were on level 9 of the Dungeon.
You worshipped Gozag.
Gozag was pleased with you.
You visited 2 branches of the dungeon, and saw 10 of its levels.
You also visited: Sewer.

You collected 963 gold pieces.
You paid 64 gold pieces to Gozag.

Inventory:

Hand Weapons
 i - a +1 whip of venom
 v - a +2 short sword of holy wrath (weapon)
Missiles
 w - a throwing net
Armour
 a - a +0 robe (worn)
 j - a +2 pair of gloves (worn)
Jewellery
 f - a +5 ring of evasion (left hand)
 o - a ring of ice
 p - a ring of ice
Wands
 k - a wand of polymorph (7)
 r - a wand of quicksilver (10)
 s - a wand of roots (3)
 x - a wand of flame (12)
Scrolls
 b - 2 scrolls of revelation {unknown}
 c - 6 scrolls of identify
 d - 2 scrolls of vulnerability {unknown}
 e - a scroll of immolation {unknown}
 g - a scroll of blinking {unknown}
 h - 3 scrolls of teleportation
 l - 2 scrolls of noise {unknown}
 m - a scroll of butterflies {unknown}
 n - a scroll of torment {unknown}
 q - a scroll of amnesia {unknown}
 t - a scroll of fog {unknown}
 u - a scroll of acquirement {unknown}
 y - a scroll of enchant armour {unknown}


   Skills:
 - Level 1.5 Dodging
 - Level 1.5 Stealth
 - Level 8.0 Spellcasting
 - Level 0.7 Conjurations
 + Level 5.5 Necromancy
 + Level 4.5 Earth Magic
 - Level 8.0 Alchemy
 - Level 5.0 Evocations


You had 10 spell levels left.
You knew the following spells:

 Your Spells              Type           Power      Damage    Failure   Level
a - Sting                 Conj/Alch      96%        1d9       1%          1
b - Mercury Vapours       Alch/Air       44%        N/A       2%          2
c - Olgreb's Toxic Radia  Alch           38%        N/A       3%          4
d - Mephitic Cloud        Conj/Alch/Air  18%        N/A       9%          3
e - Borgnjor's Vile Clut  Necr/Erth      20%        N/A       32%         5

Your spell library contained the following spells:

 Spells                   Type           Power      Damage    Failure   Level
 Passwall                 Erth           24%        N/A       4%          3
 Magic Dart               Conj           40%        1d5       7%          1
 Apportation              Tloc           14%        N/A       9%          1
 Alistair's Intoxication  Alch           25%        N/A       10%         5
 Blink                    Tloc           14%        N/A       14%         2
 Call Imp                 Summ           14%        N/A       14%         2
 Ensorcelled Hibernation  Hex/Ice        14%        N/A       14%         2
 Jinxbite                 Hex            14%        N/A       14%         2
 Lesser Beckoning         Tloc           14%        N/A       14%         2
 Sticky Flame             Fire/Alch      22%        2d6       17%         4
 Maxwell's Portable Pile  Tloc           7%         2d(5-15)  26%         3
 Swiftness                Air            7%         N/A       26%         3
 Teleport Other           Tloc           7%         N/A       26%         3
 Anguish                  Hex/Necr       13%        N/A       28%         4
 Eringya's Noxious Bog    Alch           19%        4d6       45%         6
 Cause Fear               Hex            3%         N/A       65%         4
 Enfeeble                 Hex            3%         N/A       100%        7


Dungeon Overview and Level Annotations

Branches:
Dungeon (9/15)             Temple (1/1) D:5           Sewer (visited)
   Lair: D:8-11         Orc: D:9-12

Altars:
Ashenzari
Cheibriados
Dithmenos
Fedhas
Gozag
Hepliaklqana
Kikubaaqudgha
Nemelex Xobeh
Okawaru
Qazlal
Ru
Sif Muna
Trog
Uskayaw
Vehumet
Wu Jian
Xom

Shops:
D:1 [   D:6 =

Annotations:
D:3 Terence
D:5 Menkaure


Innate Abilities, Weirdness & Mutations

You are immune to poison.
Your flesh is cold resistant. (rC+)
You are immune to negative energy. (rN+++)
You are immune to unholy pain and torment.
You are vulnerable to heat. (rF-)
You are in touch with the powers of death.
You do not drink.
You have a special connection with the divine. (Faith)


Message History

The wraith drains your vigour!
You feel yourself slow down.
You closely miss the wraith. The wraith barely misses you. The wraith hits you!
The wraith drains your vigour!
You feel as though you will be slow longer.
Unknown command.
You hit the wraith but do no damage. The wraith hits you.
The wraith drains your vigour!
You feel as though you will be slow longer.
As you read the scroll labelled LYFAVY PIZ ZUT, it crumbles to dust.
It is a scroll of identify.
h - 4 scrolls of teleportation The wraith hits you!
* * * LOW HITPOINT WARNING * * *
The wraith closely misses you.
As you read the scroll of teleportation, it crumbles to dust.
You feel strangely unstable. The wraith barely misses you.
Press: ? - help, v - describe, . - travel
Here: a wraith An open door.
Aiming: Fastroot
Press: ? - help, Shift-Dir - straight line, f - you, p - wraith The roots erupt in riotous growth!
The wraith is unaffected.
The wraith misses you. The wraith closely misses you.
Unknown command.
Aiming: Fastroot
Press: ? - help, Shift-Dir - straight line, f - you The roots erupt in riotous growth!
The wraith is unaffected.
Your surroundings suddenly seem different.
A gnoll sergeant and 5 gnolls come into view.
The gnoll sergeant is wielding a +1 trident of freezing.
A gnoll is wielding a +2 whip of venom.
Found a dark potion.
The gnoll shouts! x2; The gnoll sergeant shouts!
The gnoll shouts! x2
A killer bee comes into view.
The gnoll sergeant hits you from afar with a +1 trident of freezing.
* * * LOW HITPOINT WARNING * * *
The gnoll hits you from afar with a +0 spear.
* * * LOW HITPOINT WARNING * * *
The gnoll sergeant hits you from afar with a +1 trident of freezing!
You die...
Your body crumbles into a pile of gold.

#......#
#..!...#
#......#
#......#
#......#
#####...g..####
...............
#....@gg.....
+......g.....
#.#####ggy.## #
##..# .# #


You could see a gnoll sergeant, a killer bee (wandering) and 5 gnolls.

Vanquished Creatures
  Prince Ribbit (D:8)
  Grinder (D:5)
  3 wyverns
  A steam dragon (D:7)
  Edmund (D:5)
  Duvessa (D:5)
  3 ice beasts
  2 water moccasins
  An orc warrior (D:7)
  3 sky beasts
  3 black bears
  2 ogres (D:6)
  2 centaurs
  2 bullfrogs (D:7)
  4 kobold brigands (Sewer)
  2 scorpions
  Dowan (D:4)
  A howler monkey (D:7)
  2 bombardier beetles
  A jelly (D:5)
  7 orc priests
  2 gnoll boudas (D:7)
  3 hounds
  9 iguanas
  6 orc wizards
  Ijyb (D:3)
  4 river rats
  9 adders
  11 gnolls
  A shadow imp (D:5)
  4 white imps
  4 ufetubi
  2 ribbon worms (D:3)
  3 dart slugs
  36 orcs
  6 bats
  12 endoplasms
  9 giant cockroaches
  4 goblins
  6 hobgoblins
  3 jackals (D:2)
  3 quokkas
  9 ball pythons
  3 frilled lizards (D:1)
  9 kobolds
  6 rats
209 creatures vanquished.

Notes
Turn   | Place    | Note
-------+----------+-------------------------------------------
     0 | D:1      | Ajdolov the Mummy Alchemist began the quest for the Orb.
     0 | D:1      | Reached XP level 1. HP: 13/13 MP: 4/4
   137 | D:1      | Found Hesu's Armour Shoppe.
   203 | D:1      | Reached XP level 2. HP: 16/19 MP: 4/6
  1315 | D:2      | Reached XP level 3. HP: 24/24 MP: 5/8
  1678 | D:2      | Found a broken altar of Ashenzari.
  1961 | D:3      | Learned a level 2 spell: Mercury Vapours
  2210 | D:3      | Reached XP level 4. HP: 10/30 MP: 5/10
  2370 | D:3      | Found a glowing drain.
  2376 | Sewer    | Entered a sewer
  2468 | Sewer    | Noticed a kobold brigand
  2486 | Sewer    | Killed a kobold brigand
  2487 | Sewer    | Reached skill level 5 in Spellcasting
  2487 | Sewer    | Reached XP level 5. HP: 35/35 MP: 0/12
  2894 | Sewer    | Reached XP level 6. HP: 28/41 MP: 5/14
  3029 | Sewer    | Learned a level 4 spell: Olgreb's Toxic Radiance
  3858 | D:3      | Noticed Ijyb
  3869 | D:3      | Killed Ijyb
  4116 | D:3      | Noticed Terence
  4122 | D:3      | Learned a level 3 spell: Mephitic Cloud
  4230 | D:4      | Reached skill level 5 in Alchemy
  4255 | D:4      | Reached XP level 7. HP: 46/46 MP: 14/17
  5428 | D:5      | Entered Level 5 of the Dungeon
  5462 | D:5      | Noticed Edmund
  5487 | D:5      | Noticed Duvessa
  5495 | D:5      | Noticed Dowan
  5497 | D:5      | Killed Duvessa
  5507 | D:4      | Killed Dowan
  5508 | D:4      | Reached XP level 8. HP: 51/52 MP: 1/20
  5631 | D:5      | Noticed Grinder
  5746 | D:5      | Killed Edmund
  5831 | D:5      | Killed Grinder
  5979 | D:5      | Noticed Menkaure
  6288 | D:5      | Found a sacrificial altar of Ru.
  6288 | D:5      | Found a sparkling altar of Nemelex Xobeh.
  6419 | D:5      | Found a staircase to the Ecumenical Temple.
  6424 | Temple   | Entered the Ecumenical Temple
  6429 | Temple   | Became a worshipper of Gozag Ym Sagoz the Greedy
  6693 | D:5      | Found a hide-covered altar of Uskayaw.
  6734 | D:5      | Found a shadowy altar of Dithmenos.
  6842 | D:6      | Found Ottukuw's Jewellery Boutique.
  7209 | D:6      | Reached skill level 1 in Evocations
  7499 | D:6      | Reached XP level 9. HP: 57/57 MP: 10/21
  7507 | D:6      | Learned a level 5 spell: Borgnjor's Vile Clutch
  8060 | D:5      | Reached skill level 1 in Necromancy
  8060 | D:5      | Reached skill level 1 in Earth Magic
  9601 | D:7      | Reached skill level 5 in Evocations
  9607 | D:7      | Found a bloodstained altar of Trog.
 10256 | D:8      | Reached XP level 10. HP: 43/63 MP: 14/22
 10415 | D:8      | Noticed Prince Ribbit
 10421 | D:8      | Killed Prince Ribbit
 10422 | D:8      | Reached skill level 5 in Necromancy
 11254 | D:9      | Slain by a gnoll sergeant

Illustrated notes

Levels and vault maps discovered:
D:1:      dpeg_arrival_renting, layout_loops_corners, serial_shops,
          nicolae_shop_rolling_square, chequers_avenue,
          minmay_misc_feat_secret_circle
D:2:      wander_river, layout_rooms, basic_altar
D:3:      layout_loops_corners, gup_sewer_entry_bubbles, kennysheep_potato,
          uniq_terence, uniq_ijyb, uniq_robin
D:4:      layout_loops_ring, patterned_corridor
D:5:      layout_gridville, nicolae_uskayaw_suspiria,
          amethyst_overflow_temple_binary, grunt_dithmenos_shadows,
          temple_doors_cd, uniq_duvessa, uniq_grinder, uniq_edmund,
          uniq_menkaure
D:6:      layout_loops_corners, serial_glass, glass_columns_b, glass_columns_a,
          glass_columns_c, glass_columns_b, glass_columns_c, glass_columns_a,
          serial_shops, shop
D:7:      layout_rooms, trog_butcher_becter
D:8:      statuecave_lemuel, layout_loops_corners, uniq_prince_ribbit1
D:9:      layout_irregular_city, lemuel_mausoleum_altar_yredelemnul,
          lemuel_crystal_altar
Temple:   nicolae_temple_ecumenical_triangle

Skill      XL: |  1  2  3  4  5  6  7  8  9 10 |
---------------+-------------------------------+-----
Spellcasting   | 3 4 5 6 8 |  8.0
Alchemy        | 3 4 5 6 8 |  8.0
Evocations     | 3 5 |  5.0
Necromancy     | 4 5 |  5.5
Earth Magic    | 3 4 |  4.5
Dodging        | |  1.5
Stealth        | |  1.5
Conjurations   | |  0.7

Action                     |  1- 3 |  4- 6 |  7- 9 | 10-12 || total
---------------------------+-------+-------+-------+-------++-------
  Melee: Unarmed           |     1 |       |       |       ||     1
         Hand axe          |    28 |    12 |       |       ||    40
         Whip              |       |    47 |    25 |       ||    72
         Short sword       |       |       |    40 |     7 ||    47
   Cast: Sting             |    56 |   118 |   264 |    15 ||   453
         Mercury Vapours   |     1 |     4 |     1 |       ||     6
         Olgreb's Toxic Ra |       |       |    51 |     6 ||    57
         Mephitic Cloud    |       |       |    15 |     5 ||    20
  Evoke: Wand              |       |       |       |     2 ||     2
    Use: Scroll            |       |       |       |     2 ||     2
 Armour: Robe              |    22 |    39 |    91 |    14 ||   166
  Dodge: Dodged            |    53 |    69 |   118 |    17 ||   257

Table legend: (Time is in decaauts)
 A = Elapsed time spent in this place.
 B = Non-inter-level travel time spent in this place.
 C = Inter-level travel time spent in this place.
 D = Time resting spent in this place.
 E = Time spent auto-exploring this place.
 F = Levels seen in this place.
 G = Mean time per level.
                   A        B        C        D        E       F      G
               +--------+--------+--------+--------+--------+-----+--------+
         Total |  11488 |  11100 |    388 |    639 |   8330 |  11 | 1044.4 |
       Dungeon |  10087 |   9703 |    384 |    382 |   7499 |   9 | 1120.8 |
        Temple |     10 |      6 |      4 |      0 |      0 |   1 |   10.0 |
         Sewer |   1390 |   1390 |      0 |    257 |    830 |   1 | 1390.0 |
               +--------+--------+--------+--------+--------+-----+--------+

Top non-repeatable levels by time:
     D:6: 1532 daAuts
     D:4: 1408 daAuts
   Sewer: 1390 daAuts
     D:7: 1371 daAuts
     D:8: 1359 daAuts
     D:5: 1337 daAuts
     D:1: 1280 daAuts
     D:3: 1121 daAuts
     D:2: 643 daAuts
     D:9: 32 daAuts
  Temple: 10 daAuts
